 Dungeon Crawl Stone Soup version 0.31-a0-188-g5e087ee2ca (webtiles) character file.

Game seed: 6762616529797536595

131 qw the Skirmisher (level 4, -3/25 HPs)
             Began as a Deep Elf Hunter on June 23, 2023.
             Constricted to death by Ijyb (5 damage)
             ... on level 4 of the Dungeon.
             The game lasted 00:00:54 (2412 turns).

qw the Skirmisher (Deep Elf Hunter)                 Turns: 2412, Time: 00:00:54

Health: -3/25      AC:  5    Str: 10    XL:     4   Next: 91%
Magic:  6/6        EV:  8    Int: 14    God:
Gold:   193        SH:  0    Dex: 18    Spells: 3/3 levels left

rFire   . . .        Y - +0 arbalest
rCold   . . .        (shield currently unavailable)
rNeg    . . .        f - +0 ring mail
rPois   .            (no helmet)
rElec   .            (no cloak)
rCorr   .            (no gloves)
SInv    .            (no boots)
Will    .....        (no amulet)
Stlth   +            (no ring)
HPRegen 0.24/turn    (no ring)
MPRegen 0.10/turn

%: no passive effects
@: about to teleport, grasped by roots, constricted
A: no striking features
a: no special abilities


You were on level 4 of the Dungeon.
You visited 1 branch of the dungeon, and saw 4 of its levels.

You collected 193 gold pieces.


   Skills:
 - Level 1.5 Fighting
 + Level 8.3 Ranged Weapons
 - Level 2.4 Dodging
 - Level 1.2 Stealth


You had 3 spell levels left.
You didn't know any spells.
Your spell library was empty.

Inventory:

Hand Weapons
 Y - a +0 arbalest (weapon)
Armour
 f - a +0 ring mail (worn)
Scrolls
 a - a scroll of identify
Potions
 e - a potion of might
 i - a potion of curing

Dungeon Overview and Level Annotations

Branches:
Dungeon (4/15)
 Temple: D:4-7

Altars:
Cheibriados

Annotations:
D:4 Ijyb


Message History

You drop a potion of degeneration.
Done exploring.
(D) Dungeon
Where to? (* - list waypoints, Enter - D:3, ? - help)
What level of the Dungeon? (default 1, ? - help)
There is a stone staircase leading down here.
You climb downwards.
The ufetubus shouts!
There is a stone staircase leading up here.
An ufetubus is nearby!
Waypoint 3 assigned to D:4.
You shoot a bolt. The bolt hits the ufetubus!!
You kill the ufetubus!
Found a spear.
Ijyb the Twisted Goblin comes into view.
She is wielding a +0 dagger, wearing a +2 ring mail of fire resistance and carrying a wand of roots (9).
Found a scroll labelled BARHUPS YTATH.
Found a stone staircase leading up.
You see here a +0 pair of gloves.
You shoot a bolt. The bolt hits Ijyb but does no damage.
Ijyb shouts!
You shoot a bolt. The bolt closely misses Ijyb.
You shoot a bolt. The bolt hits Ijyb but does no damage.
You shoot a bolt. The bolt completely misses Ijyb.
Ijyb zaps a wand.
The roots erupt in riotous growth!
The grasping roots grab you! The grasping roots constrict you.
The grasping roots constrict you!
You hear a shout!
You shoot a bolt. The bolt hits Ijyb!!
Ijyb is almost dead.
Ijyb hits you with a +0 dagger. The grasping roots constrict you.
A quokka comes into view.
The grasping roots release their grip on you.
You shoot a bolt. The bolt completely misses Ijyb.
Ijyb zaps a wand.
The roots erupt in riotous growth!
The grasping roots grab you!
Ijyb is unaffected.
The grasping roots constrict you. Ijyb hits you with a +0 dagger.
The grasping roots constrict you.
2412 ||| READING scroll of teleportation.
As you read the scroll of teleportation, it crumbles to dust.
You feel strangely unstable. Ijyb completely misses you.
The grasping roots constrict you.
You die...

.. ?...#.##### # .
...##.#...# .##
#.#.r##.#...###..
####.#..##.........
#)...............#
#.......##.......#
#.......#.#.....###..
.......@.###.<.......
#$....g...#..########
.......###.#.#
#....#. ###.# .......
#.. ....... #### #..
... #....#<


You could see Ijyb and a quokka.

Vanquished Creatures
  An orc wizard (D:3)
  An adder (D:2)
  An ufetubus (D:4)
  A worm (D:3)
  11 orcs
  8 ball pythons
  4 endoplasms
  3 giant cockroaches
  10 hobgoblins
  7 jackals
  6 kobolds
  4 bats
  3 frilled lizards (D:1)
  5 goblins
  5 rats
70 creatures vanquished.

Notes
Turn   | Place    | Note
-------+----------+-------------------------------------------
     0 | D:1      | qw the Deep Elf Hunter began the quest for the Orb.
     0 | D:1      | Reached XP level 1. HP: 12/12 MP: 3/3
     0 | D:1      | 0 ||| qw: Version: 0.3-a-9-g12657ce
     0 | D:1      | 0 ||| qw: Game counter: 3672
     0 | D:1      | 0 ||| qw: Always use a shield: true
     0 | D:1      | 0 ||| qw: God list: Okawaru
     0 | D:1      | 0 ||| qw: Allow faded altars: false
     0 | D:1      | 0 ||| qw: Do Orc after D:15 true
     0 | D:1      | 0 ||| qw: Do second Lair branch before Depths: true
     0 | D:1      | 0 ||| qw: Lair rune preference: random
     0 | D:1      | 0 ||| qw: Plans: Normal
     0 | D:1      | 0 ||| PLANNING D:1-11
   201 | D:1      | Reached skill level 6 in Ranged Weapons
   201 | D:1      | Reached XP level 2. HP: 16/16 MP: 4/4
   692 | D:1      | Reached XP level 3. HP: 20/20 MP: 5/5
   761 | D:1      | 761 ||| UPGRADING to +0 scale mail.
   771 | D:1      | 771 ||| DROPPING +0 leather armour.
   772 | D:1      | 772 ||| READING scroll labelled LUFFOCROWK.
   777 | D:1      | 777 ||| READING scroll labelled TUSKEK BAOFUNE.
   778 | D:1      | 778 ||| READING scroll labelled TAERUE ZERETUDIC.
   779 | D:1      | 779 ||| READING 2 scrolls labelled UGATUO DI ZYNN.
   780 | D:1      | 780 ||| DRINKING 2 metallic inky potions.
   781 | D:1      | 781 ||| DROPPING scroll of butterflies.
   782 | D:1      | 782 ||| DROPPING potion of attraction.
   971 | D:2      | Identified the +5 hand axe of Calamity {speed, rPois Str+4}
  1123 | D:2      | Reached skill level 7 in Ranged Weapons
  1361 | D:2      | Reached XP level 4. HP: 25/25 MP: 6/6
  1456 | D:2      | 1456 ||| READING scroll labelled NIUSMO WIUDD.
  1556 | D:3      | Found a snail-covered altar of Cheibriados.
  1635 | D:3      | 1635 ||| FLEEEEING.
  1636 | D:3      | 1636 ||| FLEEEEING.
  1637 | D:3      | 1637 ||| FLEEEEING.
  1638 | D:3      | 1638 ||| FLEEEEING.
  1650 | D:3      | 1650 ||| FLEEEEING.
  1651 | D:3      | 1651 ||| FLEEEEING.
  1652 | D:3      | 1652 ||| FLEEEEING.
  1653 | D:3      | 1653 ||| FLEEEEING.
  1654 | D:3      | 1654 ||| FLEEEEING.
  1655 | D:3      | 1655 ||| FLEEEEING.
  1686 | D:3      | 1686 ||| SWAPPING to +0 arbalest.
  1694 | D:3      | 1694 ||| DROPPING +0 heavy shortbow.
  1806 | D:3      | Reached skill level 8 in Ranged Weapons
  2364 | D:3      | 2364 ||| UPGRADING to +0 ring mail.
  2374 | D:3      | 2374 ||| DROPPING +0 scale mail.
  2375 | D:3      | 2375 ||| READING 2 scrolls labelled QOASY TOD.
  2376 | D:3      | 2376 ||| READING 4 scrolls of identify.
  2376 | D:3      | 2376 ||| IDENTIFYING pink potion
  2377 | D:3      | 2377 ||| READING 3 scrolls of identify.
  2377 | D:3      | 2377 ||| IDENTIFYING orange potion
  2378 | D:3      | 2378 ||| READING 2 scrolls of identify.
  2378 | D:3      | 2378 ||| IDENTIFYING sapphire potion
  2379 | D:3      | 2379 ||| DROPPING scroll of blinking.
  2380 | D:3      | 2380 ||| DROPPING potion of degeneration.
  2405 | D:4      | Noticed Ijyb
  2411 | D:4      | HP: 2/25 [constriction (6)]
  2412 | D:4      | 2412 ||| READING scroll of teleportation.
  2412 | D:4      | Constricted to death by Ijyb

Levels and vault maps discovered:
D:1:      dpeg_arrival_refuge, layout_loops_ring
D:2:      layout_basic, corexii_hall_statues_x
D:3:      layout_basic, overflow_temple_1_default
D:4:      layout_loops_ring, grunt_temple_overflow_open,
          nicolae_qazlal_general_emergency, serial_shops,
          nicolae_shop_tiny_waterfront, uniq_duvessa, uniq_ijyb

Skill      XL: |  1  2  3  4 |
---------------+-------------+-----
Ranged Weapons | 6 7 8 |  8.3
Fighting       | |  1.5
Dodging        | |  2.4
Stealth        | |  1.2

Action                     |  1- 3 |  4- 6 || total
---------------------------+-------+-------++-------
   Fire: Shortbow          |   117 |    23 ||   140
         Arbalest          |       |    41 ||    41
    Use: Scroll            |     4 |     6 ||    10
         Potion            |     1 |       ||     1
 Armour: Leather armour    |     5 |       ||     5
         Scale mail        |    24 |    18 ||    42
  Dodge: Dodged            |    35 |    15 ||    50

Table legend:
 A = Non-vault XP
 B = Vault XP
 C = Vault XP percentage of total XP
 D = Non-vault monster count
 E = Vault monster count
 F = Vault count percentage of total count
                 A         B        C        D         E       F
            +---------+---------+-------+---------+---------+-------
      Total |     188 |       0 |   0.0 |      70 |       0 |   0.0
            +---------+---------+-------+---------+---------+-------
        D:1 |      42 |       0 |   0.0 |      24 |       0 |   0.0
        D:2 |      59 |       0 |   0.0 |      24 |       0 |   0.0
        D:3 |      79 |       0 |   0.0 |      21 |       0 |   0.0
        D:4 |       8 |       0 |   0.0 |       1 |       0 |   0.0
            +---------+---------+-------+---------+---------+-------
